 Dungeon Crawl Stone Soup version 0.30-a0-1157-g2cc9ac7196 (webtiles) character file.

Game seed: 15531030802694356416

145 jimonade the Grave Robber (level 5, 0/35 HPs)
             Began as a Mummy Necromancer on Apr 25, 2023.
             Slain by a quasit (2 damage)
             ... in a sewer.
             The game lasted 00:08:46 (3167 turns).

jimonade the Grave Robber (Mummy Necromancer)       Turns: 3167, Time: 00:08:47

Health: 0/35       AC:  3    Str: 14      XL:     5   Next: 6%
Magic:  11/11      EV: 11    Int: 14      God:
Gold:   90         SH:  0    Dex:  3 (12) Spells: 8/12 levels left

rFire   x . .        a - +0 whip
rCold   + . .        (no shield)
rNeg    + + +        k - +0 leather armour
rPois   ∞            (no helmet)
rElec   .            (no cloak)
rCorr   .            (no gloves)
SInv    .            (no boots)
Will    .....        (no amulet)
Stlth   +            (no ring)
HPRegen 0.25/turn    (no ring)
MPRegen 0.12/turn

%: faith
@: no status effects
A: cold resistance 1, negative energy resistance 3, torment resistance 2, heat
vulnerability 1, in touch with death 1, no potions, faith
a: no special abilities


You were in a sewer.
You visited 1 branch of the dungeon, and saw 3 of its levels.
You also visited: Sewer.

You collected 90 gold pieces.

Inventory:

Hand Weapons
 a - a +0 whip (weapon)
 f - a +0 dagger of distortion
Missiles
 o - 2 throwing nets
Armour
 b - a +0 robe
 c - a +0 ring mail
 k - a +0 leather armour (worn)
 m - a +0 chain mail
 n - a scarf of invisibility
 p - the +0 robe of Experimentation {Harm rElec Regen+ Dex-4}
   (You found it on level 3 of the Dungeon)

   Dex:       It affects your dexterity (-4).
   rElec:     It insulates you from electricity.
   Regen:     It increases your rate of health regeneration.
   Harm:      It increases damage dealt and taken.
Scrolls
 d - a scroll of blinking {unknown}
 e - a scroll of identify {unknown}
 g - a scroll of poison
 h - 2 scrolls of teleportation
 i - a scroll of enchant weapon {unknown}
 j - a scroll of amnesia
 l - a scroll of magic mapping {unknown}


   Skills:
 + Level 0.3 Maces & Flails
 + Level 1.8 Dodging
 - Level 1.5 Stealth
 + Level 4.3 Spellcasting
 * Level 5.4 Necromancy


You had 8 spell levels left.
You knew the following spells:

 Your Spells              Type           Power      Damage    Failure   Level
a - Necrotise             Necr           100%       1d9       2%          1
b - Vampiric Draining     Necr           27%        2d7       8%          3

Your spell library contained the following spells:

 Spells                   Type           Power      Damage    Failure   Level
 Animate Dead             Necr           27%        N/A       26%         4
 Agony                    Necr           27%        N/A       56%         5
 Borgnjor's Vile Clutch   Necr/Erth      8%         N/A       91%         5
 Alistair's Intoxication  Tmut/Pois      2%         N/A       100%        5
 Eringya's Noxious Bog    Tmut/Pois      1%         N/A       100%        6


Dungeon Overview and Level Annotations

Branches:
Dungeon (3/15)              Sewer (1/1)

Altars:
Hepliaklqana
Okawaru

Annotations:
D:3 Grinder


Innate Abilities, Weirdness & Mutations

You are immune to poison.
Your flesh is cold resistant. (rC+)
You are immune to negative energy. (rN+++)
You are immune to unholy pain and torment.
You are vulnerable to heat. (rF-)
You are in touch with the powers of death.
You do not drink.
You have a special connection with the divine. (Faith)


Message History

* * * LOW HITPOINT WARNING * * *
The quasit closely misses you.
The quasit claws you but does no damage.
The quasit bites you.
* * * LOW HITPOINT WARNING * * *
The quasit claws you but does no damage.
The quasit barely misses you.
Okay, then.
Unknown command.
Aiming: Necrotise (safe; 2% risk of failure)
Press: ? - help, Q - select action, (/) - cycle Shift-Dir - straight line, f - kobold
Aim: a kobold, wielding a +0 short sword and quivering poisoned darts (chance to affect: 93%)
Okay, then.
Unknown command.
You barely miss the quasit.
The quasit is severely wounded.
Something shouts, "Embrace thy fall, thou hateful full-gorged serf!"
A shadow imp comes into view.
The quasit bites you.
* * * LOW HITPOINT WARNING * * *
The quasit closely misses you.
The quasit claws you but does no damage.
You hear a shout!
You barely miss the quasit.
The quasit is severely wounded.
You hear a shout! x2
The ufetubus hits you but does no damage.
The ufetubus barely misses you.
The quasit bites you but does no damage.
The quasit claws you but does no damage.
The quasit closely misses you. The ufetubus hits you.
* * * LOW HITPOINT WARNING * * *
The ufetubus closely misses you. The quasit closely misses you. x2
The quasit barely misses you.
You hear a shout!
You miss the quasit.
The quasit is severely wounded.
The ufetubus hits you but does no damage. x2
The quasit bites you.
You die...

#≈≈≈#≈≈≈≈≈≈≈...#≈≈≈≈≈≈#
#≈≈≈≈≈≈#...#≈≈≈≈≈≈#
#≈≈≈≈≈~#...≈≈≈≈≈≈≈#
#≈≈≈≈≈~#...#≈≈≈≈≈≈#
#≈≈≈≈≈≈≈...#≈≈≈≈≈≈#
#≈≈≈≈≈.#...#.≈≈≈≈≈#
#≈≈~≈..).≈...~≈≈≈≈#
#~~.~..#≈≈≈#..~..≈#
#.@5...#≈≈≈#......#
#5#######≈#######+#
#5)...K#...#..).).#
#≈~~≈K~~~~~5K...~~~~..#
#≈≈≈#≈≈≈≈~≈#...#≈≈≈≈~~#
#############'#########
#...# ...§... '..K..5.'


You could see a quasit, a shadow imp, an ufetubus and a kobold.

Vanquished Creatures
  5 adders
  A shadow imp (Sewer)
  3 worms (D:2)
  3 dart slugs
  5 ball pythons
  8 endoplasms
  5 giant cockroaches
  3 goblins
  3 hobgoblins
  4 jackals
  5 quokkas
  6 bats
  2 frilled lizards (D:1)
  13 kobolds
  A kobold zombie (Sewer)
  7 rats
74 creatures vanquished.

Vanquished Creatures (collateral kills)
  An endoplasm (D:1)
  A hobgoblin (D:1)
  A jackal (D:3)
  A goblin (D:1)
4 creatures vanquished.

Vanquished Creatures (others)
  2 bat zombies (Sewer)
2 creatures vanquished.

Grand Total: 80 creatures vanquished

Notes
Turn   | Place    | Note
-------+----------+-------------------------------------------
     0 | D:1      | jimonade the Mummy Necromancer began the quest for the Orb.
     0 | D:1      | Reached XP level 1. HP: 13/13 MP: 4/4
   180 | D:1      | Reached XP level 2. HP: 19/19 MP: 1/5
   731 | D:1      | Gained mutation: You are in touch with the powers of death.
                  | [Mummy growth]
   731 | D:1      | Reached XP level 3. HP: 24/24 MP: 5/7
  1128 | D:2      | Reached skill level 5 in Necromancy
  1639 | D:2      | Reached XP level 4. HP: 30/30 MP: 7/9
  2236 | D:2      | Learned a level 3 spell: Vampiric Draining
  2340 | D:3      | Found a hazy altar of Hepliaklqana.
  2418 | D:3      | Noticed Grinder
  2438 | D:3      | Identified the +0 robe of Experimentation {Harm rElec
                  | Regen+ Dex-4}
  2458 | D:3      | Found an iron altar of Okawaru.
  2591 | D:3      | Found a glowing drain.
  2595 | Sewer    | Entered a sewer
  2983 | Sewer    | Reached XP level 5. HP: 34/35 MP: 11/11
  3013 | Sewer    | Found a burning altar of Makhleb.
  3167 | Sewer    | Slain by a quasit

Illustrated notes

Levels and vault maps discovered:
D:1:      dpeg_arrival_water_temple_mockup, layout_loops_ring,
          serial_park_tiny_2
D:2:      layout_loops_corners
D:3:      layout_basic, worldfamousw_hep_ancestral_shrine,
          okawaru_metal_pillars_1_2, gup_sewer_entry_spiral,
          grunt_ministairs_11, uniq_ijyb, uniq_grinder
Sewer:    kennysheep_sewer_church

Skill      XL: |  1  2  3  4 |
---------------+-------------+-----
Spellcasting   | 3 4 |  4.3
Necromancy     | 5 |  5.4
Maces & Flails | |  0.3
Dodging        | |  1.8
Stealth        | |  1.5

Action                     |  1- 3 |  4- 6 || total
---------------------------+-------+-------++-------
  Melee: Whip              |    31 |   103 ||   134
         Punch             |       |     1 ||     1
   Cast: Necrotise         |    66 |    36 ||   102
    Use: Scroll            |       |     3 ||     3
   Stab: Sleeping          |       |     4 ||     4
 Armour: Robe              |     7 |     9 ||    16
         Leather armour    |       |    48 ||    48
  Dodge: Dodged            |    38 |   111 ||   149

Table legend: (Time is in decaauts)
 A = Elapsed time spent in this place.
 B = Non-inter-level travel time spent in this place.
 C = Inter-level travel time spent in this place.
 D = Time resting spent in this place.
 E = Time spent auto-exploring this place.
 F = Levels seen in this place.
 G = Mean time per level.
                   A        B        C        D        E       F      G
               +--------+--------+--------+--------+--------+-----+--------+
         Total |   3198 |   3135 |     63 |    293 |   1877 |   4 |  799.5 |
       Dungeon |   2618 |   2555 |     63 |      0 |   1877 |   3 |  872.7 |
         Sewer |    579 |    579 |      0 |    293 |      0 |   1 |  579.0 |
               +--------+--------+--------+--------+--------+-----+--------+

Top non-repeatable levels by time:
     D:2: 1171 daAuts
     D:1: 1096 daAuts
   Sewer: 579 daAuts
     D:3: 350 daAuts
